MLB
LOS ANGELES DODGERS @ COLORADO ROCKIES
06/25/2025
 
TOP OF THE 1ST
Los Angeles Dodgers batting - Pitching for Colorado Rockies : LHP Steve Rhind
Pitching: LHP Steve Rhind
Batting: RHB Dan Fletcher 0-0: Called Strike
0-1: Ball
1-1: Swinging Strike
1-2: Ball
2-2: Foul Ball, location: 5FF
2-2: Ball
3-2: Base on Balls
Batting: RHB Nick Castellanos 0-0: Ball
1-0: Ball
2-0: Foul Ball, location: 25F
2-1: Reached on error, E6 (Groundball, 6S, EV 64.4 MPH)
Dan Fletcher to second
Batting: RHB Yasiel Puig 0-0: Ball
1-0: Ball
2-0: Foul Ball, location: 2F
2-1: Foul Ball, location: 2F
2-2: Fly out, F4 (Popup, 34S, EV 71.3 MPH)
Batting: RHB Danny Badger 0-0: Called Strike
Dan Fletcher steals 3rd base
Nick Castellanos to second
0-1: Swinging Strike
0-2: Foul Ball, location: 5SF
0-2: Foul Ball, location: 25FF
0-2: Ball
1-2: Ball
2-2: Fly out, F8 (Flyball, 8RD, EV 103.1 MPH)
Runner from 3rd tags up, SCORES, no throw by CF
Batting: SHB José Rodríguez 0-0: Ground out 6-3 (Groundball, 6MD, EV 94.4 MPH)
Top of the 1st over - 1 run, 0 hits, 1 error, 1 left on base; Los Angeles 1 - Colorado 0
BOTTOM OF THE 1ST
Colorado Rockies batting - Pitching for Los Angeles Dodgers : RHP Darwin Ramos
Pitching: RHP Darwin Ramos
Batting: LHB Ron Faulkner 0-0: Ball
1-0: Ball
2-0: Called Strike
2-1: Ball
3-1: Fly out, F9 (Flyball, 89S, EV 92.5 MPH)
Batting: RHB Ed Mann 0-0: Ball
1-0: Ball
2-0: Foul Ball, location: 5SF
2-1: Ground out 5-3 (Groundball, 5, EV 106.3 MPH)
Batting: SHB Arturo Hernández 0-0: Ball
1-0: Foul Ball, location: 23FF
1-1: Ball
2-1: Ball
3-1: Ground out 4-3 (Groundball, 4, EV 100.0 MPH)
Bottom of the 1st over - 0 runs, 0 hits, 0 errors, 0 left on base; Los Angeles 1 - Colorado 0
TOP OF THE 2ND
Los Angeles Dodgers batting - Pitching for Colorado Rockies : LHP Steve Rhind
Batting: RHB Josh Moore 0-0: Called Strike
0-1: Swinging Strike
0-2: Foul Ball, location: 2F
0-2: Foul Ball, location: 9LDF
0-2: Ball
1-2: Ground out 6-3 (Groundball, 6, EV 89.4 MPH)
Batting: RHB Dan Noble 0-0: Fly out, F9 (Flyball, 9S, EV 86.9 MPH)
Batting: SHB Jose Herrera 0-0: Called Strike
0-1: Ground out 6-3 (Groundball, 6M, EV 90.0 MPH)
Top of the 2nd over - 0 runs, 0 hits, 0 errors, 0 left on base; Los Angeles 1 - Colorado 0
BOTTOM OF THE 2ND
Colorado Rockies batting - Pitching for Los Angeles Dodgers : RHP Darwin Ramos
Batting: LHB Sergio Martínez 0-0: Foul Ball, location: 9LMF
0-1: Ball
1-1: Swinging Strike
1-2: Strikes out swinging
Batting: LHB Dom Nunez 0-0: Called Strike
0-1: Ball
1-1: Ball
2-1: Ball
3-1: SINGLE (Line Drive, 7S, EV 108.8 MPH)
Batting: LHB Rowdy Tellez 0-0: Ball
1-0: Foul Ball, location: 7LMF
1-1: Fly out, F8 (Flyball, 8LM, EV 98.8 MPH)
Batting: RHB Joaquín López 0-0: Called Strike
0-1: Ground out 4-3 (Groundball, 34, EV 92.5 MPH)
Bottom of the 2nd over - 0 runs, 1 hit, 0 errors, 1 left on base; Los Angeles 1 - Colorado 0
TOP OF THE 3RD
Los Angeles Dodgers batting - Pitching for Colorado Rockies : LHP Steve Rhind
Batting: RHB Ismael Lópes 0-0: Ball
1-0: Foul Ball, location: 2F
1-1: Ball
2-1: Ball
3-1: Base on Balls
Batting: RHB Dan Fletcher 0-0: Bunted foul
0-1: Fly out, F8 (Flyball, 89M, EV 74.4 MPH)
Batting: RHB Nick Castellanos 0-0: Ball
1-0: SINGLE (Line Drive, 78S, EV 92.5 MPH)
Ismael Lópes to second
Batting: RHB Yasiel Puig 0-0: Called Strike
0-1: SINGLE (Line Drive, 8LS, EV 92.5 MPH)
Ismael Lópes to third
Nick Castellanos to second
Runner from 3rd tries for Home, SAFE, throw by CF to home
Batting: RHB Danny Badger 0-0: Called Strike
0-1: Fly out, F4 (Popup, 13, EV 84.4 MPH)
Batting: SHB José Rodríguez 0-0: SINGLE (Flyball, 8LS, EV 97.5 MPH)
Nick Castellanos to third
Yasiel Puig to second
Runner from 3rd tries for Home, throw by CF and OUT! 8-2
Top of the 3rd over - 1 run, 3 hits, 0 errors, 2 left on base; Los Angeles 2 - Colorado 0
BOTTOM OF THE 3RD
Colorado Rockies batting - Pitching for Los Angeles Dodgers : RHP Darwin Ramos
Batting: RHB Mario Garza 0-0: Called Strike
0-1: Ball
1-1: Foul Ball, location: 9LDF
1-2: Ball
2-2: Ball
3-2: Fly out, F8 (Flyball, 8RM, EV 96.3 MPH)
Batting: RHB Deivi Grullon 0-0: Ground out 5-3 (Groundball, 56, EV 94.4 MPH)
Batting: LHB Ron Faulkner 0-0: Foul Ball, location: 7LSF
0-1: Called Strike
0-2: Ball
1-2: Ground out 6-3 (Groundball, 56D, EV 100.6 MPH)
Bottom of the 3rd over - 0 runs, 0 hits, 0 errors, 0 left on base; Los Angeles 2 - Colorado 0
TOP OF THE 4TH
Los Angeles Dodgers batting - Pitching for Colorado Rockies : LHP Steve Rhind
Batting: RHB Josh Moore 0-0: Ball
1-0: Fly out, F9 (Flyball, 9, EV 95.6 MPH)
Batting: RHB Dan Noble 0-0: Called Strike
0-1: Fly out, F5 (Popup, 56, EV 70.0 MPH)
Batting: SHB Jose Herrera 0-0: Ball
1-0: Ball
2-0: SINGLE (Line Drive, 34D, EV 108.1 MPH)
Batting: RHB Ismael Lópes 0-0: Called Strike
0-1: Foul Ball, location: 9LMF
0-2: Strikes out swinging
Top of the 4th over - 0 runs, 1 hit, 0 errors, 1 left on base; Los Angeles 2 - Colorado 0
BOTTOM OF THE 4TH
Colorado Rockies batting - Pitching for Los Angeles Dodgers : RHP Darwin Ramos
Batting: RHB Ed Mann 0-0: Fly out, F6 (Popup, 4M, EV 68.1 MPH)
Batting: SHB Arturo Hernández 0-0: Ball
1-0: SOLO HOME RUN (Flyball, 89XD, EV 98.1 MPH), Distance : 385 ft
Batting: LHB Sergio Martínez 0-0: Ball
1-0: Ball
2-0: Called Strike
2-1: Swinging Strike
2-2: Ball
3-2: Base on Balls
Batting: LHB Dom Nunez 0-0: Grounds into double play, 4-6-3 (Groundball, 4, EV 77.5 MPH)
Bottom of the 4th over - 1 run, 1 hit, 0 errors, 0 left on base; Los Angeles 2 - Colorado 1
TOP OF THE 5TH
Los Angeles Dodgers batting - Pitching for Colorado Rockies : LHP Steve Rhind
Batting: RHB Dan Fletcher 0-0: Ball
1-0: Fly out, F9 (Flyball, 89M, EV 86.9 MPH)
Batting: RHB Nick Castellanos 0-0: Called Strike
0-1: Swinging Strike
0-2: Ball
1-2: Foul Ball, location: 3DF
1-2: Ball
2-2: Strikes out looking
Batting: RHB Yasiel Puig 0-0: Ball
1-0: Ball
2-0: Called Strike
2-1: Ball
3-1: Called Strike
3-2: Foul Ball, location: 9LDF
3-2: Foul Ball, location: 2F
3-2: Strikes out swinging
Top of the 5th over - 0 runs, 0 hits, 0 errors, 0 left on base; Los Angeles 2 - Colorado 1
BOTTOM OF THE 5TH
Colorado Rockies batting - Pitching for Los Angeles Dodgers : RHP Darwin Ramos
Batting: LHB Rowdy Tellez 0-0: Called Strike
0-1: Ball
1-1: Foul Ball, location: 9LMFF
1-2: Ball
2-2: Ground out 4-3 (Groundball, 4, EV 98.1 MPH)
Batting: RHB Joaquín López 0-0: Ball
1-0: Foul Ball, location: 5SF
1-1: Ball
2-1: Fly out, F9 (Flyball, 9D, EV 103.1 MPH)
Batting: RHB Mario Garza 0-0: Called Strike
0-1: SINGLE (Flyball, 3D, EV 91.9 MPH)
Batting: RHB Deivi Grullon 0-0: Called Strike
0-1: Ball
1-1: Foul Ball, location: 2F
1-2: Ball
2-2: Foul Ball, location: 5FF
2-2: Strikes out swinging
Bottom of the 5th over - 0 runs, 1 hit, 0 errors, 1 left on base; Los Angeles 2 - Colorado 1
TOP OF THE 6TH
Los Angeles Dodgers batting - Pitching for Colorado Rockies : LHP Steve Rhind
Batting: RHB Danny Badger 0-0: Ball
1-0: Foul Ball, location: 5F
1-1: Called Strike
1-2: Ball
2-2: Ground out 5-3 (Groundball, 56, EV 84.4 MPH)
Batting: SHB José Rodríguez 0-0: Foul Ball, location: 9LSF
0-1: Ball
1-1: Swinging Strike
1-2: SINGLE (Line Drive, 6MD, EV 104.4 MPH)
Batting: RHB Josh Moore 0-0: Ball
1-0: Grounds into double play, 6-4-3 (Groundball, 6, EV 87.5 MPH)
Top of the 6th over - 0 runs, 1 hit, 0 errors, 0 left on base; Los Angeles 2 - Colorado 1
BOTTOM OF THE 6TH
Colorado Rockies batting - Pitching for Los Angeles Dodgers : RHP Darwin Ramos
Batting: LHB Ron Faulkner 0-0: Foul Ball, location: 2F
0-1: Ball
1-1: DOUBLE (Flyball, 78D, EV 111.9 MPH)
Batting: RHB Ed Mann 0-0: Called Strike
0-1: Ball
1-1: Ball
2-1: Ground out U3 (Groundball, 34, EV 85.6 MPH)
Ron Faulkner to third
Batting: SHB Arturo Hernández 0-0: Foul Ball, location: 2F
0-1: Ball
1-1: Fly out, F8 (Flyball, 78D, EV 101.3 MPH)
Runner from 3rd tags up, SCORES, no throw by CF
Batting: LHB Sergio Martínez 0-0: Called Strike
0-1: Ball
1-1: Ball
2-1: Called Strike
2-2: Ground out 5-3 (Groundball, 56S, EV 89.4 MPH)
Bottom of the 6th over - 1 run, 1 hit, 0 errors, 0 left on base; Los Angeles 2 - Colorado 2
TOP OF THE 7TH
Los Angeles Dodgers batting - Pitching for Colorado Rockies : LHP Steve Rhind
Batting: RHB Dan Noble 0-0: Ball
1-0: Swinging Strike
1-1: Swinging Strike
1-2: SINGLE (Line Drive, 78M, EV 110.6 MPH)
Batting: SHB Jose Herrera 0-0: Ball
1-0: Called Strike
1-1: Ball
2-1: Fly out, F9 (Flyball, 9, EV 93.1 MPH)
Batting: RHB Ismael Lópes 0-0: SINGLE (Line Drive, 7S, EV 102.5 MPH)
Dan Noble to second
Pinch Runner at 2nd Todd McDonald:
Batting: RHB Dan Fletcher 0-0: Grounds into double play, 6-4-3 (Groundball, 56, EV 98.8 MPH)
Top of the 7th over - 0 runs, 2 hits, 0 errors, 1 left on base; Los Angeles 2 - Colorado 2
BOTTOM OF THE 7TH
Colorado Rockies batting - Pitching for Los Angeles Dodgers : RHP Darwin Ramos
Now in LF: Todd McDonald
Now in CF: José Rodríguez
Now in RF: Josh Moore
Batting: LHB Dom Nunez 0-0: Called Strike
0-1: Called Strike
0-2: Strikes out looking
Batting: LHB Rowdy Tellez 0-0: Foul Ball, location: 2F
0-1: Ball
1-1: SINGLE (Line Drive, 8LS, EV 98.8 MPH)
Pitching: RHP Bob Vaughn
Batting: RHB Joaquín López 0-0: Swinging Strike
0-1: Ball
1-1: Called Strike
1-2: Foul Ball, location: 3FF
1-2: Strikes out swinging
Pinch Hitting: RHB Jeff Miller 0-0: Ball
1-0: Foul Ball, location: 5FF
1-1: Swinging Strike
1-2: SINGLE (Line Drive, 78S, EV 96.3 MPH)
Rowdy Tellez to second
Runner from 2nd tries for 3rd, SAFE, throw by LF made to third
Batting: RHB Deivi Grullon 0-0: Called Strike
0-1: Swinging Strike
0-2: Fly out, F5 (Line Drive, 56, EV 71.3 MPH)
Bottom of the 7th over - 0 runs, 2 hits, 0 errors, 2 left on base; Los Angeles 2 - Colorado 2
TOP OF THE 8TH
Los Angeles Dodgers batting - Pitching for Colorado Rockies : LHP Steve Rhind
Pitching: RHP Anderson Espinoza
Now at 2B: Joe Hill
Now at SS: Ed Mann
Batting: RHB Nick Castellanos 0-0: Called Strike
0-1: SINGLE (Line Drive, 4D, EV 103.8 MPH)
Batting: RHB Yasiel Puig 0-0: Ball
1-0: Ball
2-0: Ball
3-0: Base on Balls
Nick Castellanos to second
Batting: RHB Danny Badger 0-0: Foul Ball, location: 2F
0-1: SINGLE (Line Drive, 9S, EV 105.0 MPH)
Nick Castellanos to third
Yasiel Puig to second
Batting: SHB José Rodríguez 0-0: Fly out, F6 (Popup, 6S, EV 69.4 MPH)
Pinch Hitting: LHB Juan Mendoza 0-0: Called Strike
0-1: Called Strike
0-2: Foul Ball, location: 2F
0-2: Strikes out looking
Batting: LHB Todd McDonald 0-0: Ball
1-0: Fly out, F6 (Line Drive, 6, EV 75.6 MPH)
Top of the 8th over - 0 runs, 2 hits, 0 errors, 3 left on base; Los Angeles 2 - Colorado 2
BOTTOM OF THE 8TH
Colorado Rockies batting - Pitching for Los Angeles Dodgers : RHP Bob Vaughn
Pitching: LHP Kodi Medeiros
Now in RF: Jonathan Jacobson
Pinch Hitting: RHB Franklin Reyes 0-0: Called Strike
0-1: Fly out, F9 (Flyball, 9D, EV 105.6 MPH)
Batting: RHB Ed Mann 0-0: Ball
1-0: SINGLE (Line Drive, 6MD, EV 102.5 MPH)
Batting: SHB Arturo Hernández 0-0: Ball
1-0: Swinging Strike
1-1: Foul Ball, location: 2F
1-2: Fly out, F8 (Flyball, 8RM, EV 98.1 MPH)
Pinch Hitting: RHB Jorge Souza 0-0: Foul Ball, location: 9LDF
0-1: Fielders Choice at 2nd, 6-4 (Groundball, 6, EV 107.5 MPH)
Bottom of the 8th over - 0 runs, 1 hit, 0 errors, 1 left on base; Los Angeles 2 - Colorado 2
TOP OF THE 9TH
Los Angeles Dodgers batting - Pitching for Colorado Rockies : RHP Anderson Espinoza
Now in LF: Franklin Reyes
Now in CF: Joaquín López
Now in RF: Jorge Souza
Batting: SHB Jose Herrera 0-0: Swinging Strike
0-1: Swinging Strike
0-2: Ball
1-2: Strikes out swinging
Batting: RHB Ismael Lópes 0-0: Ball
1-0: Called Strike
1-1: Foul Ball, location: 9LSF
1-2: Ball
2-2: Ball
3-2: DOUBLE (Groundball, 3L, EV 104.4 MPH)
Batting: RHB Dan Fletcher 0-0: Ball
1-0: Called Strike
1-1: Swinging Strike
1-2: Strikes out swinging
Batting: RHB Nick Castellanos 0-0: Ball
1-0: Ball
2-0: Called Strike
2-1: Foul Ball, location: 7LDF
2-2: Strikes out swinging
Top of the 9th over - 0 runs, 1 hit, 0 errors, 1 left on base; Los Angeles 2 - Colorado 2
BOTTOM OF THE 9TH
Colorado Rockies batting - Pitching for Los Angeles Dodgers : LHP Kodi Medeiros
Pitching: LHP Paco Rodriguez
Batting: LHB Dom Nunez 0-0: Called Strike
0-1: Called Strike
0-2: Foul Ball, location: 3SF
0-2: Strikes out swinging
Batting: LHB Rowdy Tellez 0-0: Swinging Strike
0-1: Called Strike
0-2: Ball
1-2: Strikes out swinging
Batting: RHB Joaquín López 0-0: Called Strike
0-1: Called Strike
0-2: Ball
1-2: Fly out, F9 (Flyball, 9, EV 91.9 MPH)
Bottom of the 9th over - 0 runs, 0 hits, 0 errors, 0 left on base; Los Angeles 2 - Colorado 2
TOP OF THE 10TH
Los Angeles Dodgers batting - Pitching for Colorado Rockies : RHP Anderson Espinoza
Nick Castellanos starts the inning at 2nd base.
Pitching: LHP Dave Kirkpatrick
Batting: RHB Yasiel Puig 0-0: Called Strike
0-1: Ball
1-1: Called Strike
1-2: Foul Ball, location: 25FF
1-2: Foul Ball, location: 2F
1-2: Strikes out swinging
Batting: RHB Danny Badger 0-0: Intentional Walk
Batting: SHB José Rodríguez 0-0: Called Strike
0-1: Foul Ball, location: 9LSF
0-2: Ball
1-2: Foul Ball, location: 25F
1-2: Grounds into double play, 5-4-3 (Groundball, 15, EV 85.6 MPH)
Top of the 10th over - 0 runs, 0 hits, 0 errors, 1 left on base; Los Angeles 2 - Colorado 2
BOTTOM OF THE 10TH
Colorado Rockies batting - Pitching for Los Angeles Dodgers : LHP Paco Rodriguez
Joaquín López starts the inning at 2nd base.
Batting: RHB Joe Hill 0-0: Intentional Walk
Batting: RHB Deivi Grullon 0-0: Called Strike
0-1: Called Strike
0-2: Ball
1-2: Fly out, F3 (Popup, 3S, EV 73.8 MPH)
Batting: RHB Franklin Reyes 0-0: Called Strike
0-1: Ball
1-1: Ball
2-1: Foul Ball, location: 2F
2-2: Strikes out swinging
Pitching: RHP Tyler Kolek
Batting: RHB Ed Mann 0-0: SINGLE (Line Drive, 89S, EV 90.6 MPH)
Joaquín López to third
Joe Hill to second
Runner from 3rd tries for Home, SAFE, throw by RF to home
Bottom of the 10th over - 1 run, 1 hit, 0 errors, 2 left on base; Los Angeles 2 - Colorado 3
Tuesday, July 1st , 2025 - OOTP Baseball 26.4 Build 61